 Dungeon Crawl Stone Soup version 0.27-a0-1301-g128193abf8 (webtiles) character file.

Game seed: 5684636872180008817

11 DasRunzen the Slasher (level 2, -4/24 HPs)
             Began as a Demigod Gladiator on June 17, 2021.
             Slain by a worm (10 damage)
             ... on level 1 of the Dungeon.
             The game lasted 00:01:28 (756 turns).

DasRunzen the Slasher (Demigod Gladiator)            Turns: 756, Time: 00:01:29

Health: -4/24      AC:  4    Str: 15    XL:     2   Next: 6%
Magic:  4/4        EV: 12    Int: 10    God:
Gold:   21         SH:  0    Dex: 15    Spells: 1/1 levels left

rFire    . . .     SeeInvis .   a - +0 long sword
rCold    . . .     Faith    .   (no shield)
rNeg     . . .     Spirit   .   b - +0 leather armour
rPois    .         Reflect  .   c - +0 helmet
rElec    .         Harm     .   (no cloak)
rCorr    .         Rampage  .   (no gloves)
Will     .....                  (no boots)
Stlth    +.........             (no amulet)
HPRegen  0.08/turn              (no ring)
MPRegen  0.09/turn              (no ring)

@: no status effects
A: high mp 1, forlorn
a: no special abilities


You were on level 1 of the Dungeon.
You visited 1 branch of the dungeon, and saw 2 of its levels.

You collected 21 gold pieces.

Inventory:

Hand Weapons
 a - a +0 long sword (weapon)
Missiles
 d - 3 throwing nets (quivered)
Armour
 b - a +0 leather armour (worn)
 c - a +0 helmet (worn)
Potions
 e - a potion of lignification {unknown}
 h - a potion of heal wounds {unknown}
 j - a potion of brilliance {unknown}


   Skills:
 + Level 2.0 Fighting
 + Level 2.8 Long Blades
 - Level 1.7 Throwing
 + Level 0.4 Armour
 + Level 2.8 Dodging
 + Level 0.4 Spellcasting


You had one spell level left.
You didn't know any spells.
Your spell library was empty.

Dungeon Overview and Level Annotations

Branches:
Dungeon (2/15)

Shops:
D:1 :


Innate Abilities, Weirdness & Mutations

Your attributes grow dramatically as you level up.
You have an increased reservoir of magic. (+10% MP)
You shall have no god before yourself.


Message History

The bat closely misses you.
You hit the bat.
You kill the bat!
Your Fighting skill increases to level 2!
You hit the worm.
The worm is lightly wounded.
You slash the worm!
The worm is heavily wounded.
A hobgoblin comes into view.
The worm bites you!
A frilled lizard comes into view.
The hobgoblin shouts!
The frilled lizard hisses angrily.
You hit the worm.
The worm is heavily wounded.
You hear an angry hiss.
The worm barely misses you.
You riposte.
You hit the worm.
The worm is heavily wounded.
You hit the worm.
The worm is severely wounded.
The kobold hits you with a +0 whip.
You hit the worm but do no damage.
The worm is severely wounded.
The worm bites you. The kobold misses you.
You completely miss the worm.
The worm is heavily wounded.
The kobold closely misses you.
You riposte.
You barely miss the kobold. The worm bites you!
You are too injured to fight recklessly!
You are too injured to fight recklessly!
There is a stone staircase leading up here.
The kobold hits you with a +0 whip.
* * * LOW HITPOINT WARNING * * *
The worm bites you.
* * * LOW HITPOINT WARNING * * *
You climb upwards.
There is a stone staircase leading down here.
You hit the worm.
The worm is heavily wounded.
The kobold hits you but does no damage. The worm bites you!
You die...

#.### #.#### ###. #.######## #.#
#. #........# #.# #. ########.#
#.# #. #.# #.# #. #.# #.# #. #.#
#.################ #.#
#K#............##. #.#
#@#.#####.####...# #.# #w#.# #.#
#.### ##### #.######.#.### #.#
#..# ....#####......).....###.#
##..##
###.............#........#
#.....
##.##############...#######...##
##...### ##............#
...#...#### ##....##.####>.#
.#####....### ##..............#


You could see a worm and a kobold.

Vanquished Creatures
  A dart slug (D:1)
  A bat (D:2)
  An endoplasm (D:1)
  2 goblins (D:1)
  A hobgoblin (D:1)
  A quokka (D:1)
  A frilled lizard (D:1)
  A rat (D:1)
9 creatures vanquished.

Notes
Turn   | Place    | Note
-------+----------+-------------------------------------------
     0 | D:1      | DasRunzen the Demigod Gladiator began the quest for the
                  | Orb.
     0 | D:1      | Reached XP level 1. HP: 17/17 MP: 3/3
   417 | D:1      | Found Iregakh's Book Shoppe.
   695 | D:1      | Reached XP level 2. HP: 24/24 MP: 4/4
   756 | D:1      | Slain by a worm

Illustrated notes

Levels and vault maps discovered:
D:1:      minmay_arrival_split_and_join, layout_loops_ring,
          chequers_ecumenical_altar_twisty, serial_shops, shop
D:2:      layout_loops_ring, uniq_natasha, uniq_terence

Skill      XL: |  1  2 |
---------------+-------+-----
Fighting       | 2 |  2.0
Long Blades    | |  2.8
Throwing       | |  1.7
Armour         | |  0.4
Dodging        | |  2.8
Spellcasting   | |  0.4

Action                   || total
-------------------------++-------
Melee: Long sword        ||    24
  Use: Scroll            ||     3
 Stab: Sleeping          ||     2
Armor: Leather armour    ||     4
Dodge: Dodged            ||    15
       Rpst.: Long sword ||     3

Table legend: (Time is in decaauts)
 A = Elapsed time spent in this place.
 B = Non-inter-level travel time spent in this place.
 C = Inter-level travel time spent in this place.
 D = Time resting spent in this place.
 E = Time spent auto-exploring this place.
 F = Levels seen in this place.
 G = Mean time per level.
                   A        B        C        D        E       F      G
               +--------+--------+--------+--------+--------+-----+--------+
         Total |    761 |    712 |     49 |      0 |    633 |   2 |  380.5 |
       Dungeon |    761 |    712 |     49 |      0 |    633 |   2 |  380.5 |
               +--------+--------+--------+--------+--------+-----+--------+

Top non-repeatable levels by time:
     D:1: 748 daAuts
     D:2: 13 daAuts
